Unix NetHack Version 5.0.0-0 post-release - last build May 23 2026 06:08:33 (1c0ff79ee797540d5714e4e18072db0edd9e58ae,branch:main).

Game began 2026-05-14 11:19:02, ended 2026-05-29 18:18:01.

DiePARTEI, chaotic male dwarven Archeologist

                                                         ----
                                                       .....|
                                               ...     . ...|
                                              ....     .%...|
                                              ..?.......%...|
                                              ..[.....%.%.%.| -----
                                              ------.%%------ |.a.      @
                                                    -%--     --a.---------
                                                   ..)...-- --..a|.......|
                                                -...%.%...---..)@|.......|
                                               |....a@%%@.&.%.A@@-.%@@...|
                                                -.........---%@@a|......D|
                                                --.....     --...|a...)..|
                                                 -----       --..---------
                                                              |...
                                                              -----

DiePARTEI the Collector    St:18/81 Dx:24 Co:20 In:16 Wi:16 Ch:16  Chaotic
Astral Plane $:0  HP:95(340) Pw:4(104) AC:-30 Xp:27 T:62747  Burdened

Latest messages:
 The high priest of Huhetotl swings his mace.
 The high priest of Huhetotl hits!
 The high priest of Huhetotl kicks!
 The high priest of Huhetotl points all around, then curses.
 The high priest of Huhetotl points all around, then curses.
 The high priest of Huhetotl swings his mace.
 The high priest of Huhetotl hits!
 The high priest of Huhetotl kicks!
 The high priest of Huhetotl points all around, then curses.
 The high priest of Huhetotl points all around, then curses.
 You finish your dressing maneuver.
 Your mind oscillates briefly.
 You are blasted by the Orb of Detection's power!
 The etched helmet glows black for a moment.
 You are too impaired to perform the rite.
 What do you want to use or apply? [acgjlostyORT or ?*] c
 Nothing seems to happen.
 The renegade Angel of Quetzalcoatl swings her long sword at the giant ant.
 The renegade Angel of Quetzalcoatl hits the giant ant.
 The renegade Angel of Quetzalcoatl swings her long sword at the giant ant.
 The renegade Angel of Quetzalcoatl hits the giant ant.
 The priestess of Camaxtli casts a spell!
 The priest of Huhetotl picks up a shield of reflection.
 The high priest of Huhetotl swings his mace at the giant beetle.
 The high priest of Huhetotl hits the giant beetle.
 The giant beetle is killed!
 The high priest of Huhetotl casts a spell!
 The high priest of Huhetotl looks better.
 What do you want to use or apply? [acgjlostyORT or ?*] c
 You feel less confused now.
 The renegade Angel of Quetzalcoatl swings her long sword at the soldier ant.
 The renegade Angel of Quetzalcoatl hits the soldier ant.
 The renegade Angel of Quetzalcoatl swings her long sword at the soldier ant.
 The renegade Angel of Quetzalcoatl hits the soldier ant.
 The soldier ant is killed!
 The high priest of Huhetotl swings his mace.
 The high priest of Huhetotl hits!
 The high priest of Huhetotl kicks!
 What do you want to sacrifice? [G or ?*] ?
 You offer the Amulet of Yendor to Huhetotl...
 An invisible choir sings, and you are bathed in radiance...
 The voice of Huhetotl booms out: "Mortal, thou hast done well!"
 "In return for thy service, I grant thee the gift of Immortality!"
 You ascend to the status of Demigod...
 Do you want your possessions identified? [ynq] (y) y
 Do you want to see your attributes? [ynq] (y) y
 Do you want an account of creatures vanquished? [ynaq] (y) y
 Do you want a list of species genocided and extinct? [ynaq] (y) y
 Do you want to see your conduct and achievements? [ynq] (y) y
 Do you want to see the dungeon overview? [ynq] (y) y

Inventory:
 Amulets  ('"')
  W - an uncursed amulet of flying
  u - an uncursed amulet of life saving (being worn)
 Weapons  (')')
  w - a blessed +6 silver saber (weapon in right hand)
 Armor    ('[')
  H - a blessed tempered +4 helm of brilliance
  L - a cursed greased +2 helm of opposite alignment (being worn)
  m - a blessed greased fireproof +4 pair of gauntlets of dexterity (being worn)
  v - an uncursed fireproof +4 pair of speed boots (being worn)
  U - an uncursed greased burnt +4 shield of shock resistance (being worn)
  B - an uncursed greased fireproof +4 cloak of magic resistance (being worn)
  I - an uncursed fireproof +5 T-shirt with text "I'm With Stupid -->" (being worn)
  b - a blessed +4 silver dragon scale mail (being worn)
 Comestibles  ('%')
  z - an uncursed partly eaten food ration
  J - an uncursed partly eaten food ration
  N - an uncursed lizard corpse
 Spellbooks  ('+')
  j - the blessed Book of the Dead
 Rings    ('=')
  C - an uncursed ring of conflict (on right hand)
  d - an uncursed ring of free action
  r - a blessed +3 ring of increase damage
  f - an uncursed ring of regeneration (on left hand)
  F - an uncursed ring of teleport control
 Wands    ('/')
  t - a wand of death (1:5)
  l - a wand of death (0:0)
  g - a wand of teleportation (0:3)
  y - a wand of wishing (0:0)
 Tools    ('(')
  s - a blessed greased bag of holding named crowned,geno;L containing 74 items
  O - an uncursed greased sack containing 2 items
  o - the blessed Bell of Opening (0:1)
  R - a magic marker (0:61)
  a - the blessed Orb of Detection (0:4)
  T - an uncursed skeleton key
  c - a blessed greased +0 unicorn horn
 Gems/Stones  ('*')
  n - a blessed greased luckstone

Contents of the bag of holding named crowned,geno;L:
  568 gold pieces
  an uncursed amulet of flying
  an uncursed amulet of guarding
  an uncursed amulet of guarding
  a +1 dagger
  a +2 bullwhip named sleepres
  the rustproof +5 Excalibur
  the +4 Frost Brand
  the blessed rustproof +5 Ogresmasher
  an uncursed +0 mummy wrapping
  an uncursed clove of garlic
  7 uncursed food rations
  2 uncursed tripe rations
  a blessed tin of lizard meat
  a blessed tin of Wizard of Yendor meat
  an uncursed lizard corpse
  4 blessed scrolls of blank paper
  4 uncursed scrolls of blank paper
  an uncursed scroll of charging
  a cursed scroll of create monster
  a blessed scroll of enchant armor
  an uncursed scroll of enchant armor
  an uncursed scroll of fire
  a cursed scroll of food detection
  an uncursed scroll of identify
  a blessed scroll of magic mapping
  4 uncursed scrolls of magic mapping
  a cursed scroll of magic mapping
  6 blessed scrolls of remove curse
  3 uncursed scrolls of remove curse
  9 uncursed scrolls of teleportation
  3 cursed scrolls of teleportation
  an uncursed spellbook of charm monster
  a blessed spellbook of extra healing
  an uncursed spellbook of remove curse
  an uncursed spellbook of teleport away
  a cursed potion of object detection
  3 uncursed potions of oil
  an uncursed potion of speed
  5 potions of holy water
  an uncursed ring of conflict
  an uncursed +3 ring of increase damage
  an uncursed ring of slow digestion
  a cursed wand of cold (0:4)
  a wand of death (0:0)
  a wand of death (0:0)
  a wand of digging (0:3)
  a wand of digging (0:2)
  a wand of enlightenment (0:8)
  a wand of lightning (0:4)
  a wand of magic missile (0:4)
  a wand of sleep (0:3)
  a wand of speed monster (0:2)
  a wand of striking (0:2)
  a wand of undead turning (0:5)
  a blessed blindfold
  an uncursed brass lantern
  a magic marker (0:32)
  a blessed greased +0 pick-axe
  an uncursed stethoscope
  a blessed tinning kit (0:3)
  a tinning kit (0:44)
  a +0 unicorn horn
  an uncursed chrysoberyl stone
  an uncursed citrine stone
  an uncursed diamond
  an uncursed emerald
  an uncursed garnet stone
  an uncursed jasper stone
  an uncursed obsidian stone
  an uncursed opal
  an uncursed sapphire
  an uncursed turquoise stone
  an uncursed touchstone

Contents of the sack:
  a wand of cancellation (0:6)
  a wand of polymorph (0:3)

DiePARTEI the Archeologist's attributes:

Background:
 You were a Collector, a level 27 male dwarven Archeologist.
 You were chaotic, temporarily on a mission for Huhetotl
 who was opposed by Quetzalcoatl (lawful) and Camaxtli (neutral).
 You were actually lawful.
 You were right-handed.
 You were in the endgame, on the Astral Plane.
 You entered the dungeon 62747 turns ago.
 You had 70002441 experience points, 9997559 more were needed for level 28.

Basics:
 You had 95 out of 340 hit points.
 You had 4 out of 104 energy points (spell power).
 Your armor class was -30.
 Your wallet was empty, but
 you had 568 zorkmids stashed away in your pack.
 Autopickup was off.

Final Characteristics:
 Your strength was 18/81 (limit:18/100).
 Your dexterity was 24 (base:20, innate limit:20).
 Your constitution was 20 (limit:20).
 Your intelligence was 16 (limit:16).
 Your wisdom was 16 (limit:16).
 Your charisma was 16 (limit:16).

Final Status:
 You weren't hungry.
 You were burdened; movement was slightly slowed.
 You were wielding a saber.
 You had expert skill with saber.

Final Attributes:
 You were the Hand of Elbereth.
 You were fervently aligned.
 You were magic-protected.
 You were fire resistant.
 You were cold resistant.
 You were sleep resistant.
 You were disintegration resistant.
 You were shock resistant.
 Your items were protected from electric shocks.
 You were poison resistant.
 You saw invisible.
 You were telepathic.
 You had automatic searching.
 You had infravision.
 You were invisible to others.
 You were stealthy.
 You caused conflict.
 You regenerated.
 You were warded.
 You took half spell damage.
 You were very fast.
 You had reflection.
 Your life would have been saved.
 You were extremely lucky.
 You had extra luck.
 Good luck did not time out for you.
 You survived.

Miscellaneous:
 You encountered 2 bones levels.
 Total elapsed playing time was 20 hours, 33 minutes and 29 seconds.

Major events:
 Turn
    1: DiePARTEI the lawful male dwarven Archeologist entered the dungeon
 3245: attained the rank of Field Worker (level 3)
 3253: was bestowed with Ogresmasher by Quetzalcoatl
 4512: was bestowed with Trollsbane by Quetzalcoatl
 7714: entered the Gnomish Mines
 8114: attained the rank of Investigator (level 6)
 8157: reached Mine Town
 8392: made his first wish - "blessed rustproof erodeproof fireproof greased +2 gauntlets of power", got "a greased pair of old gloves"
 8601: chose a runed dagger to be named "Sting"
 8686: chose a runed broadsword to be named "Orcrist"
 9226: performed his first genocide (liches)
10090: entered Sokoban
10268: completed 1st Sokoban level
10764: completed 2nd Sokoban level
11103: completed 3rd Sokoban level
11859: completed 4th Sokoban level
12196: acquired the Sokoban bag of holding
12959: killed Kachzi Rellim, the hardware store proprietor
13138: attained the rank of Exhumer (level 10)
15055: acquired the Mines' End luckstone
16795: was crowned "The Hand of Elbereth" by Quetzalcoatl
17081: found Frost Brand carried by a monster
20390: found Excalibur on the floor
21695: genocided rust monsters
21712: wished for "blessed fireproof +2 T-shirt", got "a T-shirt"
24108: genocided class ;
25818: wished for "blessed rustproof erodeproof +2 helm of brilliance", got "a crystal helmet"
27756: killed Medusa
29551: wished for "blessed magic marker", got "a magic marker"
29782: attained the rank of Excavator (level 14)
30467: entered Home 1, the Quest
30722: Lord Carnarvon has granted access to proceed deeper into the quest
30783: entered Home 2, the Quest
30951: entered Home 3, the Quest
31479: entered Home 4, the Quest
31724: entered Home 5, the Quest
32070: killed the Minion of Huhetotl
32070: found the Orb of Detection carried by a monster
32107: acquired the Bell of Opening
32898: wished for "magic marker", got "a magic marker"
32970: wished for "blessed scroll of charging", got "a scroll of charging"
33008: entered Gehennom
33263: genocided class L
33302: attained the rank of Spelunker (level 18)
35294: killed Juiblex
35387: killed Asmodeus
35707: bribed Baalzebub with 34 zorkmids for safe passage
43285: consulted the Oracle
43421: wished for "blessed erodeproof fireproof rustproof +2 gauntlets of dexterity", got "a pair of fencing gloves"
49550: killed Orcus
50805: genocided class R
51693: attained the rank of Speleologist (level 22)
56086: destroyed Vlad the Impaler
56087: acquired the Candelabrum of Invocation
58414: wished for "2 uncursed magic markers", got "a magic marker"
58422: genocided master mind flayers
59334: killed the Wizard of Yendor
59337: acquired the Book of the Dead
59683: performed the invocation
59759: attained the rank of Collector (level 26)
59816: killed the Wizard of Yendor (2nd time)
59907: killed the Wizard of Yendor (3rd time)
60650: killed the high priest of Moloch
60651: acquired The Amulet of Yendor
60651: wished for "2 blessed potions of full healing", got "2 potions"
60656: killed the Wizard of Yendor (5th time)
62332: entered the Elemental Planes
62332: entered Plane of Earth
62442: entered Plane of Air
62494: entered Plane of Fire
62508: killed the Wizard of Yendor (10th time)
62539: entered Plane of Water
62592: wished for "blessed greased +2 helm of opposite alignment", got "a greased etched helmet"
62659: entered the Astral Plane
62703: Famine has been killed
62709: found Sunsword carried by a monster
62747: ascended

Spells:
 Name                 Level Category     Fail Retention
 confuse monster        1   enchantment   47%    (gone)
 remove curse           3   clerical      53%   51%-75%
 magic missile          2   attack        47%    (gone)
 levitation             4   escape        95%    (gone)
 light                  1   divination    47%    (gone)
 extra healing          3   healing       47%   21%-30%
 healing                1   healing       47%   81%-90%
 force bolt             1   attack        47%    1%-25%
 teleport away          6   escape       100%   51%-75%
 detect monsters        1   divination    47%   51%-75%
 charm monster          5   enchantment  100%   51%-75%
 cure sickness          3   healing       47%    (gone)
 sleep                  3   enchantment   53%    1%-25%
 detect unseen          3   divination    53%    (gone)
 cone of cold           4   attack        95%    (gone)
 fireball               4   attack        95%    (gone)
 jumping                1   escape        47%    (gone)
 stone to flesh         3   healing       47%   71%-80%
 turn undead            6   clerical     100%    (gone)
 haste self             3   escape        53%   51%-75%
 polymorph              6   matter       100%    1%-25%
 clairvoyance           3   divination    53%   26%-50%
 invisibility           4   escape        95%   51%-75%
 knock                  1   matter        47%  76%-100%
 drain life             2   attack        47%  76%-100%
 cancellation           7   matter       100%  76%-100%
 dig                    5   matter       100%  76%-100%

Skills:
 Fighting Skills
   bare handed combat [Expert]
   two weapon combat  [Unskilled]
   riding             [Unskilled]
 Weapon Skills
   dagger             [Basic]
   knife              [Unskilled]
   pick-axe           [Expert]
   short sword        [Unskilled]
   long sword         [Basic]
   saber              [Expert]
   club               [Unskilled]
   morning star       [Unskilled]
   hammer             [Basic]
   quarterstaff       [Unskilled]
   sling              [Unskilled]
   dart               [Unskilled]
   boomerang          [Unskilled]
   whip               [Basic]
   unicorn horn       [Unskilled]
 Spellcasting Skills
   attack spells      [Unskilled]
   healing spells     [Basic]
   divination spells  [Unskilled]
   matter spells      [Unskilled]

Voluntary challenges:
 Character rerolling was not enabled.
 You genocided 13 types of monsters.
 You never changed form.
 You used 10 wishes.
 You did not wish for any artifacts.
 You violated the special Sokoban rules once.
Achievements:
 You attained the rank of Field Worker.
 You entered a shop.
 You entered the Gnomish Mines.
 You attained the rank of Investigator.
 You entered Minetown.
 You entered a temple.
 You entered Sokoban.
 You completed Sokoban.
 You attained the rank of Exhumer.
 You completed the Gnomish Mines.
 You defeated Medusa.
 You attained the rank of Excavator.
 You had the Bell of Opening.
 You entered Gehennom.
 You attained the rank of Spelunker.
 You consulted the Oracle of Delphi.
 You attained the rank of Speleologist.
 You handled the Candelabrum of Invocation.
 You had the Book of the Dead.
 You gained access to Moloch's Sanctum.
 You attained the rank of Collector.
 You reached the Elemental Planes.
 You reached the Astral Plane.
 You delivered the Amulet of Yendor.
 You ascended!

 The Elemental Planes:
    Astral Plane: <- You are here.
       A temple and an altar to Huhetotl.
    Plane of Water:
    Plane of Fire:
    Plane of Air:
    Plane of Earth:
 The Dungeons of Doom: levels 1 to 27
    Level 1:
       An altar.
       One way stairs up to The Elemental Planes.
    Level 2:
    Level 3:
       A general store, a tree.
    Level 4:
       A sink.
       Stairs down to The Gnomish Mines.
    Level 5:
    Level 6:
    Level 7:
       Oracle of Delphi.
    Level 8:
       Stairs up to Sokoban, level 7.
    Level 9:
       A general store, many altars.
    Level 10:
       Final resting place for
          Gary-Sam-Hum-Mal-Law, killed by a giant zombie.
    Level 11:
    Level 12:
    Level 13:
    Level 14:
       Portal to The Quest.
    Level 15:
    Level 16:
       A temple and some altars.
       Final resting place for
          statico-Val-Dwa-Fem-Law, killed by a rock troll, while sleeping.
    Level 17:
       A primitive area.
    Level 18:
    Level 19:
       A temple and an altar to Huhetotl.
    Level 20:
    Level 21:
       A temple and an altar to Huhetotl.
    Level 22:
    Level 23:
    Level 24:
       A grave.
    Level 25:
       Some graves.
    Level 26: "medusa"
       Many trees.
    Level 27:
       Connection to Gehennom.
 Gehennom: levels 28 to 51
    Level 28:
       A temple and an altar, many graves.
       Valley of the Dead.
    Level 29:
    Level 30:
    Level 31:
    Level 32:
    Level 33:
       A temple and an altar.
    Level 34:
    Level 35:
    Level 36:
    Level 37:
    Level 38:
       Stairs up to Vlad's Tower, level 37.
    Level 39:
       Some shops, an altar, many graves.
    Level 40:
    Level 41:
    Level 42:
    Level 43:
    Level 44:
    Level 45:
    Level 46:
    Level 47:
    Level 48:
    Level 49:
    Level 50:
    Level 51:
       A temple and an altar, many graves.
       Moloch's Sanctum.
 The Gnomish Mines: levels 5 to 12
    Level 5:
    Level 6:
    Level 7:
       Many shops, a temple and an altar, some fountains.
    Level 8:
    Level 9:
    Level 10:
    Level 11:
    Level 12:
 The Quest: levels 1 to 5
    Level 1:
       A throne.
       Completed quest for Lord Carnarvon.
    Level 2:
    Level 3:
       Many temples and many altars.
    Level 4:
    Level 5:
       A temple and an altar to Huhetotl.
 Sokoban: levels 7 up to 4
    Level 4:
       Solved.
    Level 5:
       Solved.
    Level 6:
       Solved.
    Level 7:
       Solved.
 Vlad's Tower: levels 37 up to 35
    Level 35:
    Level 36:
    Level 37:


Vanquished creatures:
    Asmodeus
    Orcus
    Juiblex
the Wizard of Yendor (11 times)
    Famine
  3 erinyes
    Vlad the Impaler
  a high cleric
  5 mastodons
    Medusa
 13 iron golems
  a master lich
  5 storm giants
  2 glass golems
 14 balrogs
the Minion of Huhetotl
  7 purple worms
  2 gray dragons
  2 silver dragons
 18 red dragons
  5 white dragons
  4 orange dragons
 11 black dragons
  5 blue dragons
  a green dragon
  2 yellow dragons
 27 minotaurs
  4 jabberwocks
 11 baluchitheria
 10 Angels
  4 demiliches
  5 stone golems
  4 master mind flayers
 21 Olog-hai
  3 Nazgul
 20 pit fiends
  9 sandestins
 16 hell hounds
  6 displacer beasts
  7 titanotheres
  8 trappers
 10 baby red dragons
  a baby orange dragon
  3 guardian nagas
  8 genetic engineers
  3 disenchanters
 36 vampire leaders
  9 skeletons
  a shopkeeper
 10 aligned clerics
  6 captains
  6 shades
  5 clay golems
  6 nurses
 18 ice devils
 10 nalfeshnees
  5 lurkers above
  2 Aleaxes
  a frost giant
 12 ettins
  a golden naga
  8 black puddings
 28 vampires
 10 lieutenants
 36 ghosts
  3 queen bees
  7 winged gargoyles
  4 mind flayers
 19 giant mimics
  8 long worms
 14 zruties
  2 fire giants
 13 ogre tyrants
  8 ice trolls
 25 rock trolls
 20 umber hulks
 14 flesh golems
 14 elven monarchs
  2 doppelgangers
 17 hezrous
 32 bone devils
  5 large mimics
  2 wumpuses
 16 fire vortices
 21 stalkers
  7 air elementals
 27 fire elementals
 16 earth elementals
  8 water elementals
 14 hill giants
  5 giant mummies
  a black naga
 17 xorns
 24 giant zombies
 18 elf-nobles
 20 sergeants
  2 water demons
 12 barbed devils
 30 vrocks
 12 salamanders
 19 wargs
  a winter wolf
 22 hell hound pups
 19 small mimics
  2 glass piercers
  9 warhorses
 13 steam vortices
 15 xans
  9 ettin mummies
  6 ogre leaders
 10 quantum mechanics
 37 trolls
  6 wood golems
 12 mariliths
  a djinni
 17 gelatinous cubes
 13 pyrolisks
  6 large dogs
  2 freezing spheres
 18 flaming spheres
  7 shocking spheres
  3 large cats
  5 tigers
  7 gargoyles
  a dwarf ruler
  a tengu
  6 ochre jellies
 12 leocrottas
  6 energy vortices
  8 mountain centaurs
  2 stone giants
  6 elf mummies
 22 human mummies
 15 red nagas
  7 green slimes
 13 pythons
 19 pit vipers
 24 cobras
 55 wraiths
 10 carnivorous apes
 27 ettin zombies
  6 leather golems
 11 Grey-elves
 50 soldiers
 18 amorous demons
 10 horned devils
 11 chameleons
  3 crocodiles
 86 giant beetles
  7 quivering blobs
 25 cockatrices
 17 wolves
 12 winter wolf cubs
  5 lynxes
  4 panthers
 36 gremlins
  2 spotted jellies
 35 leprechauns
  8 orc-captains
  2 iron piercers
  3 mumakil
 15 giant spiders
 13 scorpions
  7 horses
  2 ice vortices
 12 black lights
 18 vampire bats
  4 forest centaurs
  2 gnome rulers
  3 orc mummies
  5 dwarf mummies
  8 ogres
 11 brown puddings
  2 rust monsters
 15 owlbears
 16 yetis
  3 gold golems
 11 werewolves
 24 Green-elves
 22 lizards
 14 chickatrices
  3 dogs
  2 housecats
  4 jaguars
  2 blue jellies
  3 gray unicorns
  5 black unicorns
  9 dust vortices
 37 ravens
  2 plains centaurs
  5 gnome mummies
 30 snakes
  9 water moccasins
 14 apes
 18 human zombies
 21 Woodland-elves
 79 soldier ants
 56 fire ants
 25 bugbears
  3 imps
  3 lemures
 12 quasits
  5 wood nymphs
 13 water nymphs
  4 mountain nymphs
 49 Mordor orcs
 17 Uruk-hai
  4 orc shamans
 12 rock piercers
  4 rock moles
  2 ponies
 16 fog clouds
  9 yellow lights
  3 shriekers
  3 violet fungi
  7 gnome leaders
  3 gnomish wizards
  4 kobold mummies
  a red naga hatchling
  7 gray oozes
  6 barrow wights
 16 elf zombies
 14 ghouls
  a straw golem
  3 paper golems
  a baby crocodile
 98 giant ants
  2 little dogs
  7 floating eyes
  a kitten
  5 homunculi
  2 kobold leaders
  3 kobold shamans
 21 hill orcs
 20 rothes
  2 rabid rats
  2 centipedes
  7 giant bats
  3 monkeys
 10 orc zombies
 11 dwarf zombies
  a wererat
  a werejackal
  9 iguanas
120 killer bees
  7 acid blobs
  a coyote
  2 hobbits
 10 manes
  5 large kobolds
 38 hobgoblins
 17 giant rats
 13 cave spiders
  3 brown molds
  3 yellow molds
  4 green molds
  a red mold
 18 gnomes
 80 garter snakes
 17 gnome zombies
 11 geckos
 11 jackals
  3 foxes
  5 kobolds
 12 goblins
  5 sewer rats
 19 grid bugs
  6 bats
 20 lichens
 19 kobold zombies
 28 newts
3248 creatures vanquished.

Genocided or extinct species:
 erinyes (extinct)
 arch-liches
 krakens
 master liches
 demiliches
 master mind flayers
 disenchanters
 liches
 sharks
 electric eels
 rust monsters
 piranha
 giant eels
 jellyfish
 giant ants (extinct)
 killer bees (extinct)
13 species genocided.
3 species extinct.

Goodbye DiePARTEI the Demigod...

You went to your reward with 2075559 points,
The Orb of Detection (worth 2500 zorkmids and 6250 points)
The Book of the Dead (worth 10000 zorkmids and 25000 points)
The Bell of Opening (worth 5000 zorkmids and 12500 points)
Ogresmasher (worth 200 zorkmids and 500 points)
Excalibur (worth 4000 zorkmids and 10000 points)
Frost Brand (worth 3000 zorkmids and 7500 points)
       1 diamond (worth 4000 zorkmids),
       1 sapphire (worth 3000 zorkmids),
       1 emerald (worth 2500 zorkmids),
       1 turquoise stone (worth 2000 zorkmids),
       1 citrine stone (worth 1500 zorkmids),
       1 opal (worth 800 zorkmids),
       1 chrysoberyl stone (worth 700 zorkmids),
       1 garnet stone (worth 700 zorkmids),
       1 jasper stone (worth 500 zorkmids),
       1 obsidian stone (worth 200 zorkmids),
       2 amulets of guarding (worth 300 zorkmids),
       2 amulets of flying (worth 300 zorkmids),
       1 amulet of life saving (worth 150 zorkmids),
and 568 pieces of gold, after 62747 moves.
You were level 27 with a maximum of 340 hit points when you ascended.

